[Event "URU-ch Final 2018"]
[Site "Montevideo"]
[Date "2018.04.11"]
[Round "5"]
[White "Carbone, Diego"]
[Black "Lopez Azambuja, Nicolas"]
[Result "1/2-1/2"]
[ECO "E19"]
[WhiteElo "2219"]
[BlackElo "2314"]
[Annotator "NA"]
[PlyCount "45"]
[EventDate "2018.??.??"]
[EventType "tourn"]
[EventCountry "URU"]
[SourceTitle "playchess.com"]
[Source "ChessBase"]
[SourceQuality "1"]
[TimeControl "40/5400+30:1800+30"]

1. d4 Nf6 2. Nf3 e6 3. g3 b6 4. Bg2 Bb7 5. O-O Be7 6. c4 O-O 7. Nc3 Ne4 8. Qc2 Nxc3 9. Qxc3 Bf6 10. b3 c5 11. Bb2 cxd4 12. Nxd4 Bxg2 13. Kxg2 Nc6 14. Qd2 Bxd4 15. Bxd4 d5 16. Bb2 dxc4 17. Qc3 Qd5+ 18. f3 e5 19. Rfd1 Qe6 20. Rac1 b5 21. bxc4 b4 22. Qc2 Rac8 23. Rd5 1/2-1/2

[Event "URU-ch Final 2018"]
[Site "Montevideo"]
[Date "2018.04.14"]
[Round "8"]
[White "Lopez Azambuja, Nicolas"]
[Black "Caitano, Martin Joel"]
[Result "1-0"]
[ECO "E92"]
[WhiteElo "2314"]
[BlackElo "2115"]
[Annotator "NA"]
[PlyCount "67"]
[EventDate "2018.??.??"]
[EventType "tourn"]
[EventCountry "URU"]
[SourceTitle "playchess.com"]
[Source "ChessBase"]
[SourceQuality "1"]
[TimeControl "40/5400+30:1800+30"]

1. d4 Nf6 2. c4 g6 3. Nc3 Bg7 4. e4 d6 5. Nf3 O-O 6. Be2 e5 7. Be3 exd4 8. Nxd4 Re8 9. f3 c6 10. Bf2 Nbd7 11. Qd2 d5 12. exd5 cxd5 13. O-O dxc4 14. Ndb5 Qa5 (14... Nb6 $11 {keeps the balance.} 15. Rad1 Qxd2 16. Rxd2 Be6) 15. Nd6 Rd8 16. Nxc4 Ne5 (16... Nf8 $1 $14) 17. Nxa5 $16 Rxd2 18. Rfd1 Rxd1+ 19. Rxd1 b6 20. Rd8+ Bf8 21. f4 bxa5 22. fxe5 Nd7 23. Bf3 Rb8 24. Bxa7 Rxb2 25. Rxc8 Nxe5 26. Bc5 Nd7 27. Bd4 Rd2 28. Be3 Rd3 29. Kf2 Kg7 30. Be2 Rd6 31. Ne4 Rd5 32. g4 Be7 33. Bc4 Bh4+ 34. Ke2 1-0

[Event "URU-ch Final 2018"]
[Site "Montevideo"]
[Date "2018.04.14"]
[Round "8"]
[White "Rodi, Luis Ernesto"]
[Black "Kimelman, Gabriel"]
[Result "1-0"]
[ECO "C05"]
[WhiteElo "2314"]
[BlackElo "2255"]
[Annotator "ChessBase"]
[PlyCount "119"]
[EventDate "2018.??.??"]
[EventType "tourn"]
[EventCountry "URU"]
[SourceTitle "playchess.com"]
[Source "ChessBase"]
[SourceQuality "1"]
[TimeControl "40/5400+30:1800+30"]

1. e4 e6 2. d4 d5 3. Nd2 Nf6 4. e5 Nfd7 5. c3 c5 6. f4 Nc6 7. Ndf3 Qb6 8. g3 cxd4 9. cxd4 Be7 10. Bh3 O-O 11. Ne2 f6 12. Bxe6+ Kh8 13. exf6 Nxf6 14. Bxc8 Bb4+ 15. Kf1 Raxc8 16. Kg2 Ne4 17. Qd3 Bd6 18. a3 Na5 19. Rb1 Qb3 20. Nc3 Bxa3 21. Ne5 Bd6 22. Nxe4 Qxd3 23. Nxd3 dxe4 24. Ne5 Rc2+ 25. Kh3 Nb3 26. Be3 Kg8 27. Kg4 g6 28. h4 h5+ 29. Kh3 Kh7 30. Rhg1 Rfc8 31. g4 Re2 32. Rbe1 hxg4+ 33. Kxg4 Rxb2 34. f5 gxf5+ 35. Kxf5 Bxe5 36. dxe5 Rh2 37. Rg4 Na5 38. Reg1 Rf8+ 39. Kxe4 Nc6 40. e6 Re8 41. Rg7+ Kh8 42. Kf5 Rxh4 43. Rxb7 Rh7 44. Rxh7+ Kxh7 45. Bc5 a5 46. Kf6 Rc8 47. Bd6 Rd8 48. Rg7+ Kh8 49. Rd7 Rxd7 50. exd7 Kg8 51. Be7 a4 52. Ke6 a3 53. Bxa3 Nd8+ 54. Kf6 Kh7 55. Be7 Nb7 56. Ke6 Kg6 57. Kd5 Kf7 58. Bh4 Kg6 59. Kc6 Na5+ 60. Kc7 1-0

[Event "URU-ch Final 2018"]
[Site "Montevideo"]
[Date "2018.04.14"]
[Round "8"]
[White "Larrea, Manuel"]
[Black "Dominguez, Facundo"]
[Result "1-0"]
[ECO "C18"]
[WhiteElo "2289"]
[BlackElo "2143"]
[Annotator "NA"]
[PlyCount "67"]
[EventDate "2018.??.??"]
[EventType "tourn"]
[EventCountry "URU"]
[SourceTitle "playchess.com"]
[Source "ChessBase"]
[SourceQuality "1"]
[TimeControl "40/5400+30:1800+30"]

1. e4 e6 2. d4 d5 3. Nc3 Bb4 4. e5 c5 5. a3 Bxc3+ 6. bxc3 Qa5 7. Bd2 Qa4 8. Qg4 Kf8 9. Qd1 {[%emt 0:00:04] C18: French: 3 Nc3 Bb4: Main line: 7 h4 and 7 Qg4} b6 10. Qb1 (10. dxc5 bxc5 11. c4 Ba6 12. cxd5 Bxf1 13. Kxf1 exd5 14. Nf3 Nd7 15. h4 h5 16. Rb1 Ne7 {½-½ (47) Najer,E (2699)-Harikrishna,P (2733) Antalya 2017}) 10... Ba6 11. Qb3 Qxb3 12. cxb3 Bxf1 13. Kxf1 c4 $146 ({Find the theoretical novelty and annotate with similar games:} 13... Nc6 14. Nf3 Na5 15. Rb1 c4 16. b4 Nb3 {½-½ (30) Petermann,M (1986)-Schmitt,P (1984) Schoeneck 2009}) 14. b4 a5 15. a4 axb4 16. cxb4 Nc6 17. Ne2 Nge7 18. Bc3 Ke8 19. g3 Kd7 20. Kg2 Ra7 21. Ra2 h5 $15 22. Rha1 f6 23. f4 Nf5 24. h3 fxe5 25. dxe5 d4 26. Nxd4 Ne3+ 27. Kf3 Nxd4+ 28. Bxd4 Nd5 29. Rd2 Rha8 30. a5 Ra6 31. Rc1 Nxb4 32. Bxb6+ Nd5 33. Rxc4 Rc8 34. Rxd5+ 1-0